TOP OF THE 1ST |
Cleveland (APP) Indians batting - Pitching for Orem Owlz : LHP Jon Lawson
|
Pitching: LHP Jon Lawson
|
|
Batting: RHB Steve Gusman
|
0-0: Ball 1-0: Reached on error, E6 (Groundball, 6, EV 84.4 MPH)
|
Batting: RHB Kenzo Shinoda
|
0-0: Ball 1-0: Called Strike 1-1: Ball 2-1: Ball 3-1: Foul Ball, location: 2F 3-2: Base on Balls Steve Gusman to second
|
Batting: RHB Gary Ming
|
0-0: Called Strike 0-1: Foul Ball, location: 2F 0-2: Fielders Choice at 2nd, 5-4 (Groundball, 5, EV 81.9 MPH) Steve Gusman to third
|
Batting: RHB Ricky Cordova
|
0-0: Ball 1-0: Swinging Strike 1-1: Fielders Choice at 2nd, 5-4 (Groundball, 5, EV 83.1 MPH) Steve Gusman scores
|
Batting: RHB Andy Lewis
|
0-0: Ball Ricky Cordova steals 2nd base 1-0: Fly out, F4 (Popup, 23, EV 90.0 MPH)
|
Top of the 1st over - 1 run, 0 hits, 1 error, 1 left on base; Cleveland (APP) 1 - Orem 0 |
BOTTOM OF THE 1ST |
Orem Owlz batting - Pitching for Cleveland (APP) Indians : RHP Oscar Alvarado
|
Pitching: RHP Oscar Alvarado
|
|
Batting: RHB Daniel Molina
|
0-0: Ball 1-0: Ball 2-0: Foul Ball, location: 2F 2-1: Ball 3-1: Called Strike 3-2: Base on Balls
|
Batting: RHB Fred Saxton
|
0-0: SINGLE (Groundball, 34D, EV 105.0 MPH) Daniel Molina to second Runner from 2nd tries for 3rd, SAFE, throw by RF made to third
|
Batting: RHB Nick Lombardo
|
0-0: Hit by Pitch Fred Saxton to second
|
Batting: RHB Dan Burkhart
|
0-0: Called Strike 0-1: Ball 1-1: Ball 2-1: Foul Ball, location: 2F 2-2: Fly out, F7 (Flyball, 7S, EV 89.4 MPH)
|
Batting: RHB Rory Cobb
|
0-0: Ball 1-0: Foul Ball, location: 2F 1-1: Ball 2-1: Called Strike 2-2: Strikes out swinging
|
Batting: SHB David Vigo
|
0-0: Ball 1-0: Foul Ball, location: 2F 1-1: Called Strike 1-2: Ball 2-2: Foul Ball, location: 2F 2-2: DOUBLE (Line Drive, 9LM, EV 104.4 MPH) Daniel Molina scores Fred Saxton scores Nick Lombardo to third
|
Batting: SHB Danny Gelinas
|
0-0: Ball 1-0: Ball 2-0: Ball 3-0: Called Strike 3-1: Foul Ball, location: 2F 3-2: Strikes out looking
|
Bottom of the 1st over - 2 runs, 2 hits, 0 errors, 2 left on base; Cleveland (APP) 1 - Orem 2 |
TOP OF THE 2ND |
Cleveland (APP) Indians batting - Pitching for Orem Owlz : LHP Jon Lawson
|
Batting: SHB Javon Mitchell
|
0-0: SINGLE (Line Drive, 6D, EV 94.4 MPH)
|
Batting: RHB Luis Roman
|
0-0: Ball 1-0: Ball 2-0: SINGLE (Line Drive, 56, EV 98.1 MPH) Javon Mitchell to second
|
Batting: LHB Rich Walker
|
0-0: Ball 1-0: Ball 2-0: Ball 3-0: Base on Balls Javon Mitchell to third Luis Roman to second
|
Batting: RHB John Bianconi
|
0-0: Grounds into fielders choice 1-2 (Groundball, 34S, EV 68.1 MPH) Luis Roman to third Rich Walker to second
|
Batting: RHB Steve Gusman
|
0-0: Ball 1-0: DOUBLE (Line Drive, 78D, EV 115.0 MPH) Luis Roman scores Rich Walker scores John Bianconi to third
|
Batting: RHB Kenzo Shinoda
|
0-0: 3-RUN HOME RUN (Flyball, 7LD, EV 91.9 MPH), Distance : 341 ft
|
Batting: RHB Gary Ming
|
0-0: Ball 1-0: Ball 2-0: Ball 3-0: Base on Balls
|
Pitching: RHP Kunihiro Sasaki
|
|
Batting: RHB Ricky Cordova
|
0-0: Foul Ball, location: 2F 0-1: Ball 1-1: Foul Ball, location: 2F 1-2: DOUBLE (Flyball, 8RXD, EV 100.0 MPH) Gary Ming to third
|
Batting: RHB Andy Lewis
|
0-0: Called Strike 0-1: SINGLE (Line Drive, 89S, EV 86.2 MPH) Gary Ming scores Ricky Cordova to third Runner from 3rd tries for Home, SAFE, throw by CF to home
|
Batting: SHB Javon Mitchell
|
0-0: Fielders Choice at 2nd, 4-6 (Groundball, 4M, EV 90.0 MPH)
|
Batting: RHB Luis Roman
|
0-0: Called Strike 0-1: Ball 1-1: 2-RUN HOME RUN (Flyball, 78XD, EV 106.2 MPH), Distance : 422 ft
|
Batting: LHB Rich Walker
|
0-0: Ball 1-0: Called Strike 1-1: Swinging Strike 1-2: Foul Ball, location: 2F 1-2: Foul Ball, location: 2F 1-2: Strikes out swinging
|
Top of the 2nd over - 9 runs, 7 hits, 0 errors, 0 left on base; Cleveland (APP) 10 - Orem 2 |
BOTTOM OF THE 2ND |
Orem Owlz batting - Pitching for Cleveland (APP) Indians : RHP Oscar Alvarado
|
Batting: RHB Aaron Bryant
|
0-0: Ball 1-0: Ball 2-0: Called Strike 2-1: Ball 3-1: Base on Balls
|
Batting: LHB Bill Girton
|
0-0: Ball 1-0: Swinging Strike 1-1: Ball 2-1: Ball 3-1: Called Strike 3-2: Foul Ball, location: 2F 3-2: Grounds into double play, 6-4-3 (Groundball, 6M, EV 88.8 MPH)
|
Batting: RHB Daniel Molina
|
0-0: Swinging Strike 0-1: Ball 1-1: Ball 2-1: Swinging Strike 2-2: Strikes out swinging
|
Bottom of the 2nd over - 0 runs, 0 hits, 0 errors, 0 left on base; Cleveland (APP) 10 - Orem 2 |
TOP OF THE 3RD |
Cleveland (APP) Indians batting - Pitching for Orem Owlz : RHP Kunihiro Sasaki
|
Batting: RHB John Bianconi
|
0-0: Ball 1-0: Foul Ball, location: 2F 1-1: Ground out 6-3 (Groundball, 56, EV 86.2 MPH)
|
Batting: RHB Steve Gusman
|
0-0: Ground out 1-3 (Groundball, 13S, EV 69.4 MPH)
|
Batting: RHB Kenzo Shinoda
|
0-0: Ball 1-0: Swinging Strike 1-1: SOLO HOME RUN (Flyball, 78XD, EV 102.5 MPH), Distance : 413 ft
|
Batting: RHB Gary Ming
|
0-0: Ball 1-0: Called Strike 1-1: SOLO HOME RUN (Flyball, 7D, EV 96.9 MPH), Distance : 366 ft
|
Pitching: RHP Jeff Shelton
|
|
Batting: RHB Ricky Cordova
|
0-0: Ball 1-0: Fly out, F7 (Flyball, 78D, EV 100.6 MPH)
|
Top of the 3rd over - 2 runs, 2 hits, 0 errors, 0 left on base; Cleveland (APP) 12 - Orem 2 |
BOTTOM OF THE 3RD |
Orem Owlz batting - Pitching for Cleveland (APP) Indians : RHP Oscar Alvarado
|
Batting: RHB Fred Saxton
|
0-0: Fly out, F7 (Flyball, 78D, EV 85.6 MPH)
|
Batting: RHB Nick Lombardo
|
0-0: Ball 1-0: Ball 2-0: DOUBLE (Line Drive, 3D, EV 103.1 MPH)
|
Batting: RHB Dan Burkhart
|
0-0: Ball 1-0: Ball 2-0: Ball 3-0: Called Strike 3-1: DOUBLE (Flyball, 8LXD, EV 110.6 MPH) Nick Lombardo scores
|
Batting: RHB Rory Cobb
|
0-0: Ball 1-0: Foul Ball, location: 2F 1-1: Ball 2-1: Foul Ball, location: 2F 2-2: Foul Ball, location: 2F 2-2: Foul Ball, location: 2F 2-2: Foul Ball, location: 2F 2-2: Foul Ball, location: 2F 2-2: Ball 3-2: Strikes out swinging
|
Batting: SHB David Vigo
|
0-0: Called Strike 0-1: Ball 1-1: Ball 2-1: Foul Ball, location: 2F 2-2: Hit by Pitch
|
Batting: SHB Danny Gelinas
|
0-0: Called Strike 0-1: Ball 1-1: Swinging Strike 1-2: Foul Ball, location: 2F 1-2: Foul Ball, location: 2F 1-2: Strikes out looking
|
Bottom of the 3rd over - 1 run, 2 hits, 0 errors, 2 left on base; Cleveland (APP) 12 - Orem 3 |
TOP OF THE 4TH |
Cleveland (APP) Indians batting - Pitching for Orem Owlz : RHP Jeff Shelton
|
Batting: RHB Andy Lewis
|
0-0: Swinging Strike 0-1: Swinging Strike 0-2: Fly out, F7 (Flyball, 7, EV 86.2 MPH)
|
Batting: SHB Javon Mitchell
|
0-0: SINGLE (Groundball, 25, EV 61.2 MPH) (infield hit)
|
Batting: RHB Luis Roman
|
0-0: Called Strike 0-1: SINGLE (Groundball, 34D, EV 103.8 MPH) Javon Mitchell to second Runner from 2nd tries for 3rd, SAFE, throw by RF made to third
|
Batting: LHB Rich Walker
|
0-0: Ball 1-0: Ball 2-0: Ball 3-0: Called Strike 3-1: Foul Ball, location: 2F 3-2: Foul Ball, location: 2F 3-2: Base on Balls Luis Roman to second
|
Batting: RHB John Bianconi
|
0-0: Ball 1-0: Called Strike 1-1: Swinging Strike 1-2: Strikes out looking
|
Pitching: RHP Matt Doherty
|
|
Batting: RHB Steve Gusman
|
0-0: Ball 1-0: Called Strike 1-1: Ball 2-1: Fielders Choice at 2nd, 5-4 (Groundball, 5, EV 98.1 MPH)
|
Top of the 4th over - 0 runs, 2 hits, 0 errors, 3 left on base; Cleveland (APP) 12 - Orem 3 |
BOTTOM OF THE 4TH |
Orem Owlz batting - Pitching for Cleveland (APP) Indians : RHP Oscar Alvarado
|
Batting: RHB Aaron Bryant
|
0-0: Ball 1-0: Foul Ball, location: 2F 1-1: SINGLE (Groundball, 56D, EV 100.6 MPH)
|
Batting: LHB Bill Girton
|
0-0: Ball 1-0: Ball 2-0: Called Strike 2-1: Ground out U3 (Groundball, 3S, EV 66.2 MPH) Aaron Bryant to second
|
Batting: RHB Daniel Molina
|
0-0: Ball 1-0: TRIPLE (Flyball, 89XD, EV 109.4 MPH) Aaron Bryant scores
|
Batting: RHB Fred Saxton
|
0-0: Fly out, F7 (Line Drive, 7, EV 91.2 MPH) Runner from 3rd tags up, SCORES, throw by LF
|
Batting: RHB Nick Lombardo
|
0-0: Ball 1-0: Foul Ball, location: 2F 1-1: Foul Ball, location: 2F 1-2: Strikes out swinging
|
Bottom of the 4th over - 2 runs, 2 hits, 0 errors, 0 left on base; Cleveland (APP) 12 - Orem 5 |
TOP OF THE 5TH |
Cleveland (APP) Indians batting - Pitching for Orem Owlz : RHP Matt Doherty
|
Batting: RHB Kenzo Shinoda
|
0-0: Called Strike 0-1: Ball 1-1: Swinging Strike 1-2: Ball 2-2: Ball 3-2: Foul Ball, location: 2F 3-2: Foul Ball, location: 2F 3-2: Foul Ball, location: 2F 3-2: Foul Ball, location: 2F 3-2: Base on Balls
|
Batting: RHB Gary Ming
|
0-0: Grounds into double play, 6-4-3 (Groundball, 6, EV 88.1 MPH)
|
Batting: RHB Ricky Cordova
|
0-0: Ball 1-0: Fly out, F8 (Flyball, 89D, EV 86.2 MPH)
|
Top of the 5th over - 0 runs, 0 hits, 0 errors, 0 left on base; Cleveland (APP) 12 - Orem 5 |
BOTTOM OF THE 5TH |
Orem Owlz batting - Pitching for Cleveland (APP) Indians : RHP Oscar Alvarado
|
Batting: RHB Dan Burkhart
|
0-0: TRIPLE (Line Drive, 78XD, EV 100.0 MPH)
|
Batting: RHB Rory Cobb
|
0-0: Ball 1-0: Foul Ball, location: 2F 1-1: Called Strike 1-2: DOUBLE (Line Drive, 89D, EV 110.0 MPH) Dan Burkhart scores
|
Pitching: RHP Andrew Telles
|
|
Batting: SHB David Vigo
|
0-0: Ball 1-0: Ball 2-0: DOUBLE (Line Drive, 78D, EV 110.6 MPH) Rory Cobb scores
|
Batting: SHB Danny Gelinas
|
0-0: Ball 1-0: Foul Ball, location: 2F 1-1: Ground out 1-3 (Groundball, 13S, EV 71.2 MPH) David Vigo to third
|
Batting: RHB Aaron Bryant
|
0-0: Called Strike 0-1: Called Strike 0-2: Strikes out looking
|
Batting: LHB Bill Girton
|
0-0: Foul Ball, location: 2F 0-1: Ball 1-1: Swinging Strike 1-2: Strikes out swinging
|
Bottom of the 5th over - 2 runs, 3 hits, 0 errors, 1 left on base; Cleveland (APP) 12 - Orem 7 |
TOP OF THE 6TH |
Cleveland (APP) Indians batting - Pitching for Orem Owlz : RHP Matt Doherty
|
Batting: RHB Andy Lewis
|
0-0: TRIPLE (Line Drive, 78XD, EV 98.1 MPH)
|
Batting: SHB Javon Mitchell
|
0-0: Ball 1-0: Fly out, F7 (Flyball, 7LM, EV 91.9 MPH)
|
Batting: RHB Luis Roman
|
0-0: Foul Ball, location: 2F 0-1: Ball 1-1: Ball 2-1: Reached on error, E6 (Groundball, 4MD, EV 96.2 MPH) Andy Lewis scores
|
Batting: LHB Rich Walker
|
0-0: Ball 1-0: Ball 2-0: Ball 3-0: Base on Balls
|
Batting: RHB John Bianconi
|
0-0: Ball 1-0: SINGLE (Line Drive, 56D, EV 103.8 MPH) Luis Roman to third Rich Walker to second
|
Batting: RHB Steve Gusman
|
0-0: Called Strike 0-1: Ball 1-1: Ball 2-1: Fly out, F2 (Popup, 2L, EV 95.0 MPH)
|
Batting: RHB Kenzo Shinoda
|
0-0: Ball 1-0: Foul Ball, location: 2F 1-1: Swinging Strike 1-2: Foul Ball, location: 2F 1-2: Ball 2-2: Ball 3-2: Base on Balls Luis Roman scores Rich Walker to third John Bianconi to second
|
Batting: RHB Gary Ming
|
0-0: Called Strike 0-1: Ball 1-1: Called Strike 1-2: Ball 2-2: Strikes out looking
|
Top of the 6th over - 2 runs, 2 hits, 1 error, 3 left on base; Cleveland (APP) 14 - Orem 7 |
BOTTOM OF THE 6TH |
Orem Owlz batting - Pitching for Cleveland (APP) Indians : RHP Andrew Telles
|
Batting: RHB Daniel Molina
|
0-0: Foul Ball, location: 2F 0-1: Foul Ball, location: 2F 0-2: Strikes out swinging
|
Batting: RHB Fred Saxton
|
0-0: Swinging Strike 0-1: Foul Ball, location: 2F 0-2: Reached on error, E5 (Groundball, 56S, EV 78.8 MPH)
|
Batting: RHB Nick Lombardo
|
0-0: SINGLE (Groundball, 56S, EV 66.2 MPH) (infield hit) Fred Saxton to second
|
Batting: RHB Dan Burkhart
|
0-0: Called Strike Fred Saxton steals 3rd base Nick Lombardo to second 0-1: Called Strike 0-2: Ball 1-2: Foul Ball, location: 2F 1-2: Foul Ball, location: 2F 1-2: Ball 2-2: Foul Ball, location: 2F 2-2: Ball 3-2: Fly out, F9 (Flyball, 9D, EV 94.4 MPH) Runner from 3rd tags up, OUT at HOME! 9-2
|
Bottom of the 6th over - 0 runs, 1 hit, 1 error, 1 left on base; Cleveland (APP) 14 - Orem 7 |
TOP OF THE 7TH |
Cleveland (APP) Indians batting - Pitching for Orem Owlz : RHP Matt Doherty
|
Pitching: RHP Jon Trujillo
|
|
Batting: RHB Ricky Cordova
|
0-0: Foul Ball, location: 2F 0-1: Swinging Strike 0-2: Ground out 6-3 (Groundball, 6, EV 101.9 MPH)
|
Batting: RHB Andy Lewis
|
0-0: Called Strike 0-1: Ball 1-1: Ball 2-1: Ball 3-1: Foul Ball, location: 2F 3-2: Strikes out looking
|
Batting: SHB Javon Mitchell
|
0-0: Ball 1-0: Foul Ball, location: 2F 1-1: Ball 2-1: Ball 3-1: Foul Ball, location: 2F 3-2: Base on Balls
|
Pinch Hitting: LHB Justin Eargle
|
0-0: Called Strike Javon Mitchell steals 2nd base 0-1: Foul Ball, location: 2F 0-2: Ball 1-2: Ground out 4-3 (Groundball, 4, EV 102.5 MPH)
|
Top of the 7th over - 0 runs, 0 hits, 0 errors, 1 left on base; Cleveland (APP) 14 - Orem 7 |
BOTTOM OF THE 7TH |
Orem Owlz batting - Pitching for Cleveland (APP) Indians : RHP Andrew Telles
|
Now at 1B: Justin Eargle
|
|
Batting: RHB Rory Cobb
|
0-0: Called Strike 0-1: Ball 1-1: Foul Ball, location: 2F 1-2: Ball 2-2: Ball 3-2: Base on Balls
|
Batting: SHB David Vigo
|
0-0: Ball 1-0: Called Strike 1-1: Swinging Strike 1-2: Ball 2-2: Ball 3-2: Base on Balls Rory Cobb to second
|
Pitching: LHP David Ayala
|
|
Batting: SHB Danny Gelinas
|
0-0: Ball 1-0: Ball 2-0: Grounds into double play, 4-6-3 (Groundball, 4M, EV 90.0 MPH) Rory Cobb to third
|
Batting: RHB Aaron Bryant
|
0-0: Called Strike 0-1: Foul Ball, location: 2F 0-2: Foul Ball, location: 2F 0-2: Foul Ball, location: 2F 0-2: Strikes out swinging
|
Bottom of the 7th over - 0 runs, 0 hits, 0 errors, 1 left on base; Cleveland (APP) 14 - Orem 7 |
TOP OF THE 8TH |
Cleveland (APP) Indians batting - Pitching for Orem Owlz : RHP Jon Trujillo
|
Batting: LHB Rich Walker
|
0-0: Ball 1-0: Foul Ball, location: 2F 1-1: Ball 2-1: Foul Ball, location: 2F 2-2: Foul Ball, location: 2F 2-2: Strikes out looking
|
Pitching: RHP Ju-wei Long
|
|
Pinch Hitting: RHB Kevin Trull
|
0-0: SOLO HOME RUN (Line Drive, 7LD, EV 96.9 MPH), Distance : 368 ft
|
Pinch Hitting: RHB Michael Powell
|
0-0: Ball 1-0: Ball 2-0: Foul Ball, location: 2F 2-1: Ball 3-1: Swinging Strike 3-2: Ground out 4-3 (Groundball, 4, EV 83.1 MPH)
|
Batting: RHB Kenzo Shinoda
|
0-0: Ball 1-0: Ball 2-0: Ball 3-0: Called Strike 3-1: Base on Balls
|
Batting: RHB Gary Ming
|
0-0: Fly out, F7 (Line Drive, 78M, EV 90.6 MPH)
|
Top of the 8th over - 1 run, 1 hit, 0 errors, 1 left on base; Cleveland (APP) 15 - Orem 7 |
BOTTOM OF THE 8TH |
Orem Owlz batting - Pitching for Cleveland (APP) Indians : LHP David Ayala
|
Now at 3B: Kevin Trull
|
|
Now in LF: Andy Lewis
|
|
Now in RF: Devon Grant
|
|
Pinch Hitting: RHB Dan Thomey
|
0-0: Swinging Strike 0-1: Ball 1-1: Ball 2-1: Ball 3-1: Called Strike 3-2: Strikes out looking
|
Batting: RHB Daniel Molina
|
0-0: Swinging Strike 0-1: Ball 1-1: Ball 2-1: Swinging Strike 2-2: Ball 3-2: Strikes out swinging
|
Pinch Hitting: RHB Brendan Garoutte
|
0-0: Ball 1-0: Swinging Strike 1-1: Reached on error, E6 (Groundball, 6M, EV 91.2 MPH)
|
Batting: RHB Nick Lombardo
|
0-0: Called Strike 0-1: Ball 1-1: Ball 2-1: Foul Ball, location: 2F 2-2: Strikes out swinging
|
Bottom of the 8th over - 0 runs, 0 hits, 1 error, 1 left on base; Cleveland (APP) 15 - Orem 7 |
TOP OF THE 9TH |
Cleveland (APP) Indians batting - Pitching for Orem Owlz : RHP Ju-wei Long
|
Now at 2B: Nick Lombardo
|
|
Now at SS: Dan Burkhart
|
|
Now in LF: Dan Myers
|
|
Now in RF: Brendan Garoutte
|
|
Batting: RHB Ricky Cordova
|
0-0: Ball 1-0: Foul Ball, location: 2F 1-1: Ball 2-1: Foul Ball, location: 2F 2-2: Foul Ball, location: 2F 2-2: Foul Ball, location: 2F 2-2: Strikes out swinging
|
Pitching: RHP Arnold Frye
|
|
Batting: RHB Andy Lewis
|
0-0: Called Strike 0-1: Ball 1-1: Swinging Strike 1-2: Ball 2-2: Foul Ball, location: 2F 2-2: Ball 3-2: Base on Balls
|
Batting: SHB Javon Mitchell
|
0-0: Ball 1-0: Ball 2-0: Swinging Strike 2-1: Swinging Strike 2-2: Strikes out swinging
|
Batting: LHB Justin Eargle
|
0-0: Ball 1-0: Ball 2-0: Called Strike 2-1: Foul Ball, location: 2F 2-2: Fly out, F7 (Flyball, 78M, EV 78.8 MPH)
|
Top of the 9th over - 0 runs, 0 hits, 0 errors, 1 left on base; Cleveland (APP) 15 - Orem 7 |
BOTTOM OF THE 9TH |
Orem Owlz batting - Pitching for Cleveland (APP) Indians : LHP David Ayala
|
Batting: RHB Dan Burkhart
|
0-0: Called Strike 0-1: Swinging Strike 0-2: Foul Ball, location: 2F 0-2: Foul Ball, location: 2F 0-2: Strikes out swinging
|
Batting: RHB Rory Cobb
|
0-0: Called Strike 0-1: Called Strike 0-2: Ball 1-2: Strikes out swinging
|
Batting: SHB David Vigo
|
0-0: Swinging Strike 0-1: Called Strike 0-2: Foul Ball, location: 2F 0-2: Ball 1-2: Ball 2-2: Ball 3-2: Strikes out swinging
|
Bottom of the 9th over - 0 runs, 0 hits, 0 errors, 0 left on base; Cleveland (APP) 15 - Orem 7 |
|